[Event "Late-Titled-Tuesday-Blitz-September-05-2023"]
[Site "Chess.com"]
[Date "2023.09.05"]
[Round "4"]
[White "Good_Knight_Kiss"]
[Black "TheRigos"]
[Result "0-1"]
[WhiteElo "2341"]
[BlackElo "2534"]
[TimeControl "180+1"]
[EndTime "14:41:02 PDT"]
[Termination "TheRigos won on time"]

1. e4 c5 2. Nf3 Nc6 3. d4 cxd4 4. Nxd4 g6 5. Be3 Nf6 6. Nc3 Bg7 7. Bc4 Qa5 8. O-O O-O 9. Bb3 d6 10. h3 Bd7 11. Re1 Rfe8 12. f4 Rac8 13. Nf3 Rcd8 14. Qd2 Qh5 15. Qf2 Na5 16. Bxa7 Nxb3 17. axb3 Bc6 18.
Bb6 Rc8 19. e5 Nd7 20. Bd4 Bxf3 21. Qxf3 Qxf3 22. gxf3 e6 23. Ra7 Rb8 24. Nb5 d5 25. Kf2 Bf8 26. Rea1 Rec8 27. c3 Be7 28. Ke3 Kg7 29.
b4 Rc6 30. R1a3 h6 31. R3a4 Kh7 32. Kd3 Kg7 33. Na3 Nb6 34. R4a5 Nd7 35. b5 Rcc8 36. b6 Bd8 37. Rb5 Rc6 38. c4 Bxb6 39. Bxb6 Nxb6 40.
b3 Rd8 41. Kc3 dxc4 42. bxc4 Nd5+ 43. Kb3 Nxf4 44. Rbxb7 Rf8 45. Nb5 Nd3 46. Nd6 Nc5+ 47. Kb4 Nxb7 48. Rxb7 g5 49. c5 Kg6 50. Kb5 Rcc8 51.
Nxc8 Rxc8 52. c6 f6 53. exf6 Kxf6 54. Kb6 Ke5 55. c7 Kd6 56. Ra7 e5 57. Rb7 h5 58.
Ra7 Kd7 59. Rb7 Kd6 60. Ra7 e4 61. fxe4 g4 62. hxg4 hxg4 63. e5+ Kd7 64. e6+ Ke7 65. Kb7 Rxc7+ 66. Kxc7 Kxe6 0-1

[Event "Late-Titled-Tuesday-Blitz-September-05-2023"]
[Site "Chess.com"]
[Date "2023.09.05"]
[Round "4"]
[White "kleinebeer98"]
[Black "BogdanDeac"]
[Result "1/2-1/2"]
[WhiteElo "2848"]
[BlackElo "2994"]
[TimeControl "180+1"]
[EndTime "14:41:03 PDT"]
[Termination "Game drawn by agreement"]

1. e4 e5 2. Bc4 Nf6 3. d3 Bc5 4. Nc3 c6 5. Nf3 d6 6. a4 h6 7. O-O O-O 8. h3 Re8 9. Ba2 Nbd7 10. Ne2 Nf8 11. Ng3 Ng6 12. c3 d5 13. Re1 Be6 14. Qc2 Bd6 15. Be3 a5 16. Bb3 Qc7 17. Rad1 Rad8 18.
Rd2 Bf8 19. Red1 c5 20. exd5 Bxd5 21. Ne4 Qc6 22. Nxf6+ Qxf6 23. Bxd5 Rxd5 24. Qb3 Qc6 25. c4 Rd6 26. Re1 Red8 27. Qc2 f5 28. Rdd1 b6 29.
Bc1 e4 30. dxe4 Rxd1 31. Rxd1 Qxe4 32. Qxe4 Rxd1+ 33. Qe1 Rxe1+ 34. Nxe1 Ne5 35. b3 Bd6 36.
Kf1 g5 37. Ke2 Nc6 38. Nc2 Kf7 39. g4 Ke6 40. f3 f4 41. Kd3 Be5 42. Ke4 Nd8 43.
Bd2 Nf7 44. Kd3 Nd6 45. Be1 Bb2 46. h4 Nf7 47. Ke4 Nd6+ 48. Kd3 Nf7 49. Bf2 Ne5+ 50. Ke4 Nf7 51. Ne1 Nd6+ 52. Kd3 Nf7 53. Kc2 Bf6 54. hxg5 hxg5 55. Nd3 Bg7 56. Ne1 Ne5 57. Kd2 Bf6 58. Ke2 Nc6 59. Nc2 Bc3 60. Kd3 Bb2 61. Ke4 Be5 62. Bg1 Nd8 63. Bf2 Nf7 64. Bg1 Nd6+ 65. Kd3 Ne8 66. Bf2 Ng7 67. Ke4 Ne8 1/2-1/2

[Event "Late-Titled-Tuesday-Blitz-September-05-2023"]
[Site "Chess.com"]
[Date "2023.09.05"]
[Round "4"]
[White "Rodalquilar"]
[Black "koncheto"]
[Result "0-1"]
[WhiteElo "2774"]
[BlackElo "2576"]
[TimeControl "180+1"]
[EndTime "14:41:03 PDT"]
[Termination "koncheto won by checkmate"]

1. d4 Nf6 2. Nf3 e6 3. Bf4 c5 4. e3 d5 5. Nbd2 Bd6 6. Bb5+ Nc6 7. Bg3 O-O 8. c3 Qe7 9. Bxc6 bxc6 10. Qa4 Bxg3 11. hxg3 cxd4 12. cxd4 c5 13. Qa3 Rb8 14. Rc1 Qb7 15. b3 cxd4 16. Nxd4 Bd7 17. O-O Rfc8 18. N2f3 Ng4 19. Qe7 Re8 20. Qg5 Nh6 21. Qf4 Rbc8 22.
g4 f6 23. g5 e5 24. Qg3 Ng4 25. Ne2 f5 26. Rxc8 Qxc8 27. Rc1 Qa6 28. Nc3 Qd3 29.
Qh4 e4 30. Nh2 Qd2 31. Rd1 Qxc3 32. Nxg4 fxg4 33. g6 h6 34. Rxd5 Qc1+ 35. Kh2 Qc7+ 36.
Qg3 Qc6 37. Rd6 Qc7 38. Ra6 Qb7 39. Qd6 Bf5 40. Qa3 Re7 41. Rd6 Qc7 42. Kg1 Rd7 43. Rxd7 Qxd7 44. Qb4 Be6 45. Qb8+ Qc8 46. Qd6 a5 47.
Qe7 Qd7 48. Qc5 Bf5 49. Qxa5 Bxg6 50. Qa8+ Kh7 51. Qa5 h5 52. Kh2 h4 53. Qg5 Qd6+ 54. Qf4 Qxf4+ 55. exf4 Bf7 56. Kg1 Kg6 57. Kf1 Kf5 58. g3 h3 59. Kg1 Ke6 60. Kh2 Kd5 61. f5 Ke5 62. a4 Bxb3 63. a5 Bc4 64. Kg1 Kxf5 65. f4 exf3 66. Kh2 f2 67. a6 f1=Q 68. a7 Qg2# 0-1

[Event "Late-Titled-Tuesday-Blitz-September-05-2023"]
[Site "Chess.com"]
[Date "2023.09.05"]
[Round "4"]
[White "GMForgacs"]
[Black "AlexNovitz"]
[Result "1-0"]
[WhiteElo "2393"]
[BlackElo "2229"]
[TimeControl "180+1"]
[EndTime "14:41:13 PDT"]
[Termination "GMForgacs won by resignation"]

1. a3 e5 2. b4 d5 3. Bb2 Bd6 4. Nf3 Qe7 5. e3 a5 6. b5 Nf6 7. c4 dxc4 8. Bxc4 b6 9. d3 Bb7 10. O-O O-O 11. Nc3 Nbd7 12. e4 Bc5 13. Qb3 Rad8 14.
Na4 h6 15. Rad1 Kh7 16. Nxc5 Nxc5 17. Qc2 Ncd7 18. Rfe1 Nh5 19. d4 exd4 20. Bxd4 Nc5 21. e5+ Kg8 22. Qf5 Bxf3 23. Qxf3 Ne6 24. Bxe6 fxe6 25.
Qxh5 Qxa3 26. Qg6 Qb4 27. Qxe6+ Kh8 28. Be3 a4 29. Qg6 Rxd1 30. Rxd1 Qb3 31. Rb1 Qd5 32. e6 Rf6 33. Qe8+ Kh7 34. e7 Re6 35. Qf7 Qe4 36. Rf1 Rxe7 37. Qa2 Re5 38. Qb2 Rd5 39. g3 Qd3 40.
Qb1 a3 41. Qxd3+ Rxd3 42. Ra1 Rb3 43. Kf1 Rxb5 44. Rxa3 Rb1+ 45. Ke2 c5 46. Ra7 Kg6 47. Rb7 Rb4 48. h4 Kf6 49. Bd2 Rb3 50. Rc7 h5 51. Rc6+ Kf7 52. Rc7+ Kf6 53. Rb7 g6 54. Be3 Rb4 55.
Bg5+ Kf5 56. Rf7+ Ke6 57. Rf6+ Kd5 58. Rxg6 c4 59. Rg8 c3 60. Rd8+ Kc4 61. Rc8+ Kb3 62.
Kd3 Kb2 63. Rxc3 Rb5 64. Rc2+ Kb3 65. Rc3+ Kb2 66. Rc8 Rd5+ 67. Ke4 Rd1 68. Rb8 Kc3 69. Rxb6 Rd4+ 70. Ke5 Rd2 71. Bxd2+ Kxd2 72. Rh6 Ke2 73. Rxh5 Kxf2 74. Rg5 Kf3 75. Kf6 1-0

[Event "Late-Titled-Tuesday-Blitz-September-05-2023"]
[Site "Chess.com"]
[Date "2023.09.05"]
[Round "4"]
[White "Mesa_1"]
[Black "rasmussvane"]
[Result "1-0"]
[WhiteElo "2610"]
[BlackElo "2937"]
[TimeControl "180+1"]
[EndTime "14:41:15 PDT"]
[Termination "Mesa_1 won by checkmate"]

1. e4 c6 2. d4 d5 3. exd5 cxd5 4. Nf3 Nc6 5. c3 Bf5 6. Qb3 Qd7 7. Ne5 Nxe5 8. dxe5 a6 9. c4 e6 10. cxd5 Qxd5 11.
Qxd5 exd5 12. Be3 Bb4+ 13. Nd2 Ne7 14. a3 Bxd2+ 15. Kxd2 Nc6 16. f4 d4 17. Bf2 Na5 18. Rd1 Nb3+ 19. Ke1 Bc2 20. Bc4 Bxd1 21. Kxd1 Na5 22.
Bd5 Rd8 23. Ba2 Rc8 24. Re1 Nc4 25. Bxd4 Rd8 26. Re4 O-O 27. Bxc4 b5 28. Bb3 Kh8 29. Ke2 Rc8 30. Bc3 Rc6 31. f5 h6 32. e6 fxe6 33.
fxe6 Re8 34. e7 Rc7 35. Bb4 a5 36. Bd6 Rd7 37. Bf7 Ra8 38. e8=Q+ Rxe8 39. Rxe8+ Kh7 40. Bd5 Rxd6 41. Be4+ g6 42. Re7+ Kg8 43. Re5 b4 44. axb4 axb4 45. Rb5 Rd4 46. Ke3 Rd1 47. Rxb4 g5 48.
Rb7 Re1+ 49. Kd4 h5 50. h3 h4 51. Ke5 Rf1 52. b4 g4 53. hxg4 h3 54. gxh3 Rf8 55. b5 Re8+ 56. Kf4 Rf8+ 57. Bf5 Rd8 58. b6 Rd6 59. Ke5 Rc6 60. Be4 Rc5+ 61. Bd5+ Kh8 62. Kd6 Rb5 63. Rb8+ Kg7 64. b7 Rb6+ 65. Kc7 Rb5 66.
Rg8+ Kh7 67. b8=Q Rc5+ 68. Kd6 Rc8 69. Qxc8 Kh6 70. Qf8+ Kh7 71. Qg7# 1-0

[Event "Late-Titled-Tuesday-Blitz-September-05-2023"]
[Site "Chess.com"]
[Date "2023.09.05"]
[Round "4"]
[White "slidingknight2775"]
[Black "platy3"]
[Result "0-1"]
[WhiteElo "2592"]
[BlackElo "2906"]
[TimeControl "180+1"]
[EndTime "14:41:17 PDT"]
[Termination "platy3 won by resignation"]

1. d4 Nf6 2. c4 e6 3. Nc3 Bb4 4. e3 O-O 5. Bd2 Re8 6. a3 Bf8 7. Nf3 d5 8. cxd5 exd5 9. Bd3 Bg4 10. h3 Bh5 11. O-O c6 12. b4 Nbd7 13. Rb1 Ne4 14. Be2 Nxc3 15. Bxc3 Bd6 16. a4 Nf6 17. b5 Ne4 18. Be1 c5 19. dxc5 Bxc5 20. Nd4 Bxe2 21. Nxe2 Qd6 22. Nc3 Rad8 23. Nxe4 Rxe4 24. Bc3 b6 25. a5 h6 26. axb6 axb6 27. Qf3 Rc4 28. Rb3 Qg6 29. Be5 Qc2 30. Rbb1 Qe4 31. Qg3 Bf8 32.
Bc7 Rd7 33. Bxb6 Rd6 34. Bd4 Rg6 35. Qh2 Bd6 36. Qh1 Bb8 37. b6 Rgc6 38. g3 Qe6 39.
Qf3 Qxh3 40. Qxd5 Bxg3 41. Qg2 Qxg2+ 42. Kxg2 Bb8 43. Kf3 g5 44. Ke2 Kh7 45. Rh1 Kg6 46. Kd3 Rc2 47. f3 Ra2 48. Ra1 Rf2 49. Ra8 Rc8 50. b7 Rd8 51. Rb1 Rxf3 52. Rxb8 Rxb8 53. Be5 Rxb7 54. Rxb7 h5 55. Rb6+ f6 56. Ke4 g4 57.
Bd4 h4 58. Rb1 h3 59. Rh1 f5+ 60. Kd3 Kh5 61. Ke2 Rg3 62. Be5 Rg2+ 63. Ke1 Kh4 64. Bf4 g3 65. Kf1 Kg4 66. Rg1 Rf2+ 67. Ke1 Rf3 68.
Ke2 h2 69. Rh1 Rf2+ 70. Ke1 Rxf4 71. exf4 g2 72. Rxh2 g1=Q+ 0-1

[Event "Late-Titled-Tuesday-Blitz-September-05-2023"]
[Site "Chess.com"]
[Date "2023.09.05"]
[Round "4"]
[White "arminmusovic"]
[Black "cassoulet"]
[Result "1-0"]
[WhiteElo "2539"]
[BlackElo "2746"]
[TimeControl "180+1"]
[EndTime "14:41:17 PDT"]
[Termination "arminmusovic won by checkmate"]

1. a3 d5 2. Nc3 d4 3. Ne4 Bf5 4. Ng3 Bg6 5. f4 e6 6. Nf3 Nf6 7. d3 c5 8. e4 dxe3 9. Bxe3 Nc6 10. Be2 Nd5 11. Qd2 Bd6 12. O-O Qc7 13. Nh4 Nxe3 14.
Qxe3 O-O-O 15. c3 Ne7 16. Bg4 Nd5 17. Bxe6+ fxe6 18. Qxe6+ Kb8 19. Qxd5 Bxf4 20. Qf3 Bxg3 21. Qxg3 Qxg3 22. hxg3 Bxd3 23. Rf7 g6 24. Re1 Bc4 25.
Rf4 Bb5 26. Nf3 Rhe8 27. Rxe8 Rxe8 28. c4 Bc6 29. Ng5 h6 30. Nf7 h5 31. b4 cxb4 32.
axb4 a6 33. Nd6 Re1+ 34. Rf1 Re3 35. b5 axb5 36. cxb5 Kc7 37. bxc6 Kxd6 38. cxb7 Rb3 39. Rf6+ Ke5 40. Rxg6 Rxb7 41. Rg5+ Ke4 42. Rxh5 Rg7 43. Kh2 Ke3 44. Rh4 Kf2 45. Rf4+ Ke3 46. Rf3+ Ke4 47. Ra3 Rh7+ 48. Kg1 Rb7 49. Rf3 Rh7 50. Rf8 Rh6 51. Kf2 Ra6 52. g4 Ra3 53. Rf3 Ra1 54. Kg3 Ke5 55. g5 Ra4 56. Kh3 Ke6 57. g4 Ra1 58.
Kh4 Rh1+ 59. Kg3 Ke7 60. Rf6 Rg1+ 61. Kf4 Rf1+ 62. Ke5 Re1+ 63. Kf5 Rf1+ 64. Kg6 Rg1 65. Rf4 Rg2 66. Kh6 Rh2+ 67. Kg7 Ra2 68. Re4+ Kd6 69. g6 Ra7+ 70. Kh6 Kd5 71. Re1 Ra4 72. g5 Rh4+ 73. Kg7 Ra4 74. Kh7 Ra7+ 75. g7 Rb7 76. Kh8 Rb4 77.
g8=Q+ Kd4 78. Qg7+ Kc4 79. Re4+ Kb5 80. Rxb4+ Kxb4 81. Qc7 Kb5 82. g6 Ka4 83. Qb6 Ka3 84. Kg7 Ka2 85.
Kf6 Ka3 86. Ke5 Ka2 87. Kd4 Ka3 88. Kc3 Ka2 89. Qb2# 1-0

[Event "Late-Titled-Tuesday-Blitz-September-05-2023"]
[Site "Chess.com"]
[Date "2023.09.05"]
[Round "4"]
[White "DefiantChair"]
[Black "Ducke13"]
[Result "1-0"]
[WhiteElo "2651"]
[BlackElo "2471"]
[TimeControl "180+1"]
[EndTime "14:41:18 PDT"]
[Termination "DefiantChair won by checkmate"]

1. e4 c5 2. Nf3 d6 3. d4 cxd4 4. Nxd4 Nf6 5. Nc3 a6 6. Bg5 Nbd7 7. Bc4 Qb6 8. Bb3 e6 9. Qd2 Qc7 10. O-O-O b5 11. a3 Nc5 12. f3 Nxb3+ 13. cxb3 Be7 14. Kb1 Bb7 15. g4 O-O-O 16. Rc1 Kb8 17. Ncxb5 Qb6 18. Nc3 Rd7 19. Be3 Qa5 20. b4 Qd8 21. b5 axb5 22.
Ndxb5 d5 23. Bf4+ Ka8 24. Qd4 Qa5 25. e5 Ne8 26. Bd2 Qa6 27. a4 Nc7 28. Nxc7+ Rxc7 29. Nb5 Rxc1+ 30. Rxc1 Kb8 31. Bb4 Bxb4 32. Qxb4 Rc8 33. Rxc8+ Bxc8 34. Nd6+ Kc7 35. Qc5+ Kd7 36. Qxc8+ Qxc8 37. Nxc8 Kxc8 38. b4 Kb7 39. Kc2 g5 40. Kd3 Kc6 41. Kd4 h6 42. Ke3 Kb6 43. f4 Kc6 44.
Kf3 Kb6 45. Ke3 Kc6 46. fxg5 hxg5 47. Kd4 Kb6 48. b5 Kb7 49. Kc5 Kc7 50. a5 Kb7 51. h3 Kc7 52. a6 Kb8 53. b6 Kc8 54. Kc6 d4 55. a7 Kd8 56. a8=Q+ Ke7 57. Qa3+ Ke8 58.
b7 f6 59. b8=Q+ Kf7 60. Qaa7+ Kg6 61. Qg8+ Kh6 62. exf6 d3 63. f7 d2 64. Qh8+ Kg6 65.
Qg8+ Kf6 66. f8=Q+ Ke5 67. Qe3# 1-0

[Event "Late-Titled-Tuesday-Blitz-September-05-2023"]
[Site "Chess.com"]
[Date "2023.09.05"]
[Round "4"]
[White "buenamor1972"]
[Black "Bobbybunny"]
[Result "0-1"]
[WhiteElo "2335"]
[BlackElo "2208"]
[TimeControl "180+1"]
[EndTime "14:41:18 PDT"]
[Termination "Bobbybunny won on time"]

1. Nf3 c5 2. g3 Nc6 3. Bg2 g6 4. O-O Bg7 5. d3 e6 6. e4 Nge7 7. Nbd2 O-O 8. Re1 d5 9. exd5 exd5 10. Nb3 b6 11. c3 a5 12. d4 c4 13. Qd2 cxb3 14.
axb3 Bf5 15. h3 Qd7 16. Kh2 Be4 17. Qf4 Nf5 18. g4 Bh6 19. g5 Bg7 20. Bd2 Rae8 21. Bf1 f6 22. gxf6 Rxf6 23. Ne5 Nxe5 24. dxe5 Rff8 25.
e6 Qxe6 26. Kg1 Be5 27. Qg5 Qf6 28. Qxf6 Bxf6 29. Be2 Nh4 30. Be3 Rb8 31. Red1 Nf3+ 32. Kf1 Ne5 33. Rd2 h5 34. Rad1 Kh7 35. Ra1 Nf3 36.
Rdd1 Rfd8 37. Ra4 Ne5 38. b4 Nc4 39. Bc1 axb4 40. Rxb4 b5 41. f3 Bc2 42. Re1 Bh4 43.
Bf4 Bxe1 44. Bxb8 Rxb8 45. Kxe1 Bf5 46. b3 Nd6 47. Rd4 Be6 48. Bd3 Rc8 49. Kd2 Kg7 50. h4 Kf6 51. Rf4+ Nf5 52. Bxb5 Ke5 53. Rb4 Rc5 54.
Bd3 Rc8 55. Ra4 Rc6 56. b4 Ne7 57. b5 Rd6 58. Rb4 Nc8 59. Ke3 Nb6 60. Rb1 Bf5 61. Bxf5 gxf5 62. Rd1 f4+ 63. Kd3 Nc4 64. Re1+ Kf5 65.
Kd4 Ne3 66. Kc5 Rd8 67. b6 Nc4 68. Rb1 Rb8 69. b7 Ke5 70. Kc6 Na5+ 0-1

[Event "Late-Titled-Tuesday-Blitz-September-05-2023"]
[Site "Chess.com"]
[Date "2023.09.05"]
[Round "4"]
[White "AquivaRubinstein"]
[Black "KorolDimitriy75"]
[Result "1/2-1/2"]
[WhiteElo "2481"]
[BlackElo "2321"]
[TimeControl "180+1"]
[EndTime "14:41:19 PDT"]
[Termination "Game drawn - insufficient material"]

1. d4 Nf6 2. c4 c5 3. d5 b5 4.
cxb5 a6 5. b6 d6 6. Nc3 Nbd7 7. e4 g6 8. a4 a5 9. Nf3 Bg7 10. Nd2 O-O 11. Be2 Nxb6 12. O-O e6 13. Nc4 exd5 14. Nxb6 Qxb6 15. exd5 Re8 16. Bb5 Bd7 17. Bf4 Rad8 18. h3 Ne4 19. Nxe4 Rxe4 20. Bg5 f6 21. Qf3 Re5 22. Bxf6 Bxf6 23. Qxf6 Rf8 24.
Qh4 Bxb5 25. axb5 Qxb5 26. Rfd1 Qxb2 27. Rxa5 Ref5 28. Rf1 Qf6 29. Qg3 Rxd5 30. Ra7 Rf5 31. f3 Qe5 32. Qh4 R5f7 33. Rxf7 Rxf7 34. Rd1 d5 35.
Qd8+ Kg7 36. Rxd5 Qe3+ 37. Kh1 Qc1+ 38. Rd1 Qe3 39. Qd5 h5 40. Rd3 Qe1+ 41. Kh2 Qe7 42.
Rc3 Rf5 43. Qe4 Qxe4 44. fxe4 Re5 45. Rc4 g5 46. Kg3 Kf6 47. Kf3 Ke6 48. Ra4 Kd6 49. Ra6+ Kc7 50. Ra4 Kb6 51. h4 gxh4 52. Kf4 Re8 53.
e5 Kb5 54. Ra1 c4 55. Kf5 Kb4 56. Kf6 Rg8 57. e6 Rxg2 58. Re1 Rg8 59. Kf7 Ra8 60.
e7 c3 61. Rd1 Ra7 62. Kf8 Rxe7 63. Kxe7 c2 64. Rh1 Kb3 65. Kf6 Kb2 66. Kg5 h3 67. Kh4 h2 68. Kh3 c1=Q 69. Rxc1 Kxc1 70. Kxh2 Kd2 71. Kh3 Ke3 72. Kh4 Kf4 73. Kxh5 1/2-1/2

[Event "Late-Titled-Tuesday-Blitz-September-05-2023"]
[Site "Chess.com"]
[Date "2023.09.05"]
[Round "4"]
[White "DawidCzerw"]
[Black "Doudou2015"]
[Result "0-1"]
[WhiteElo "2491"]
[BlackElo "2208"]
[TimeControl "180+1"]
[EndTime "14:41:23 PDT"]
[Termination "Doudou2015 won by resignation"]

1. e4 c5 2. Nf3 Nc6 3. d4 cxd4 4. Nxd4 e5 5. Nb5 a6 6. Nd6+ Bxd6 7. Qxd6 Qf6 8. Qxf6 Nxf6 9. Bd3 d5 10. exd5 Nb4 11. Nc3 Nxd3+ 12. cxd3 Bf5 13. Ke2 h6 14. f4 exf4 15.
Bxf4 O-O 16. h3 Rad8 17. d6 Rfe8+ 18. Kd2 b5 19. a3 Re6 20. Rhe1 Ne8 21. Nd5 Kh8 22.
Rxe6 Bxe6 23. Nc7 Nxd6 24. Nxa6 Nc4+ 25. Kc3 Nb6 26. Nb4 Na4+ 27. Kc2 Rc8+ 28. Kd2 Nxb2 29. Rb1 Na4 30. Nc2 Nc3 31. Re1 Bb3 32. Nd4 Be6 33. Rc1 Nd5 34. Rxc8+ Bxc8 35. Bd6 Bd7 36. Ke2 Kg8 37.
Kf3 f6 38. Ke4 Nc3+ 39. Kf4 Kf7 40. Bb4 g5+ 41. Kg3 Nd5 42. Nc2 Nf4 43. d4 Ne2+ 44. Kf2 Nf4 45. Ne3 Ke6 46. Kf3 f5 47. h4 Ng6 48.
hxg5 hxg5 49. g3 g4+ 50. Kf2 Kf6 51. Ke2 Kg5 52. Ng2 f4 53. gxf4+ Nxf4+ 54. Kf2 Nd3+ 55. Kg3 Nxb4 56. axb4 Kf5 57. Ne3+ Ke4 58. Nc2 Kd3 59. Ne1+ Kxd4 60. Ng2 Kc4 61. Nf4 Kxb4 62. Nd5+ Kc5 63. Nf6 Bf5 64. Kf4 Bc8 65. Ne4+ Kb4 66. Nd6 Bd7 67. Ke5 Ka4 68. Ne4 b4 69. Nc5+ Ka3 70.
Nxd7 g3 71. Kd6 g2 72. Nc5 g1=Q 0-1

[Event "Late-Titled-Tuesday-Blitz-September-05-2023"]
[Site "Chess.com"]
[Date "2023.09.05"]
[Round "4"]
[White "Dr_crypt"]
[Black "simplerXiao"]
[Result "1-0"]
[WhiteElo "2378"]
[BlackElo "2494"]
[TimeControl "180+1"]
[EndTime "14:41:25 PDT"]
[Termination "Dr_crypt won by checkmate"]

1. d4 d5 2. c4 e6 3. Nc3 Nf6 4.
cxd5 exd5 5. Bg5 Bb4 6. e3 c5 7. Nf3 Qa5 8. Bxf6 gxf6 9. Qd2 Nc6 10. Be2 Rg8 11. Kf1 c4 12. h4 Bf5 13. h5 O-O-O 14.
Rh4 Rg7 15. Rf4 Be6 16. Rxf6 Be7 17. Rf4 Rdg8 18. g3 Bg4 19. Ne5 Be6 20. Rd1 f6 21. Nxc6 bxc6 22. e4 Rg5 23. exd5 cxd5 24. Qe3 Kd7 25.
Bf3 Bd6 26. Re1 Bf5 27. Rxf5 Rxf5 28. Qe6+ Kc7 29. Qxf5 Rd8 30. Qxd5 Qb4 31. Qc6+ Kb8 32. a3 Qb6 33. Qxb6+ axb6 34. Nb5 Kc8 35. Re6 Bb8 36. Rxb6 Kd7 37. Rxf6 Ke7 38. Rh6 Kf7 39. Rxh7+ Kf6 40. Rb7 Kg5 41. Kg2 Rf8 42. d5 Be5 43. d6 Bxb2 44. d7 Bf6 45. Nd6 Bd8 46. Ne4+ Kf5 47. g4+ Ke5 48. Rb8 Kd4 49. Rc8 c3 50. Nxc3 Ke5 51. Ne4 Ke6 52. a4 Kxd7 53. Ra8 Rf4 54. h6 Bc7 55. h7 Be5 56. h8=Q Bxh8 57. Rxh8 Ke6 58. Rh6+ Ke5 59. a5 Rf7 60. a6 Ra7 61. Nc5 Kf4 62. Bb7 Kg5 63. Rd6 Kxg4 64. f3+ Kf4 65.
Kf2 Ke5 66. Ke3 Kxd6 67. Ne4+ Ke5 68. f4+ Kf5 69. Kf3 Ke6 70. Kg4 Ke7 71. f5 Kf7 72.
Kg5 Kg7 73. f6+ Kf7 74. Kf5 Kf8 75. Kg6 Kg8 76. Ng5 Kf8 77. Nh7+ Ke8 78. f7+ Kd7 79.
f8=Q Kc7 80. Qc8+ Kb6 81. Qc6+ Ka5 82. Kf5 Kb4 83. Ke4 Ka5 84. Kd4 Kb4 85. Qb6+ Ka4 86.
Kc3 Rxb7 87. axb7 Ka3 88. Qb3# 1-0

[Event "Late-Titled-Tuesday-Blitz-September-05-2023"]
[Site "Chess.com"]
[Date "2023.09.05"]
[Round "4"]
[White "SCIM"]
[Black "vanyakuba"]
[Result "1-0"]
[WhiteElo "2578"]
[BlackElo "2397"]
[TimeControl "180+1"]
[EndTime "14:41:26 PDT"]
[Termination "SCIM won by resignation"]

1. Nf3 d5 2. d4 c5 3. e3 Nc6 4. b3 Nf6 5. Bb2 Bg4 6. Nbd2 e6 7. h3 Bh5 8. g4 Bg6 9. Ne5 Bd6 10. h4 Bxe5 11. dxe5 Ne4 12. Nxe4 Bxe4 13. f3 Bxf3 14. Qxf3 O-O 15. O-O-O Qa5 16. Kb1 c4 17. e4 Nb4 18. a3 cxb3 19. axb4 Qa2+ 20. Kc1 bxc2 21.
Re1 Qb1+ 22. Kd2 Qxb2 23. Rc1 dxe4 24. Qxe4 Rfd8+ 25. Bd3 Rd4 26. Qxh7+ Kf8 27. Rxc2 Qxb4+ 28. Ke3 Ke7 29. Qxg7 Rxg4 30. Qf6+ Kf8 31. Qh8+ Rg8 32. Qh6+ Rg7 33. Rg1 Qb6+ 34. Ke2 Qxg1 35. Rc4 Qg2+ 36. Ke3 Rd8 37. Rf4 Qg3+ 38. Rf3 Qg1+ 39. Ke2 Qd4 40. Qh8+ Rg8 41. Rxf7+ Kxf7 42. Qf6+ Ke8 43. Qxe6+ Kf8 44.
Qf6+ Ke8 45. Bb5+ Rd7 46. Qe6+ Kd8 47. Qxg8+ Kc7 48. Bxd7 Qxe5+ 49. Kf3 Kxd7 50. Qg4+ Kd6 51. h5 b5 52. Qg6+ Kd5 53. h6 Qc3+ 54. Kf4 Qd2+ 55.
Kf5 Qf2+ 56. Kg5 Qg3+ 57. Kf6 Qf4+ 58. Kg7 Qe5+ 59. Qf6 Qg3+ 60. Qg6 Qe5+ 61. Qf6 Qg3+ 62. Kf7 Qc7+ 63. Qe7 Qf4+ 64. Qf6 Qc7+ 65. Kg8 Qc8+ 66. Kg7 Qg4+ 67. Qg6 Qd7+ 68. Qf7+ Qxf7+ 69. Kxf7 b4 70. h7 Kc4 71. h8=Q a5 72. Qb2 a4 73. Ke6 a3 74. Qc2+ Kd4 75. Qb3 Kc5 76. Ke5 1-0

[Event "Late-Titled-Tuesday-Blitz-September-05-2023"]
[Site "Chess.com"]
[Date "2023.09.05"]
[Round "4"]
[White "SalihEke"]
[Black "DeTimmerman"]
[Result "0-1"]
[WhiteElo "2481"]
[BlackElo "2674"]
[TimeControl "180+1"]
[EndTime "14:41:30 PDT"]
[Termination "DeTimmerman won by checkmate"]

1. d4 Nf6 2. c3 e6 3. Nf3 d5 4.
Nbd2 Be7 5. g3 O-O 6. Bg2 b6 7. O-O Bb7 8. b3 Nbd7 9. Bb2 c5 10. Rc1 cxd4 11. cxd4 Rc8 12. a3 a5 13. Ne5 Nxe5 14. dxe5 Nd7 15. e4 Ba6 16. Re1 Nc5 17. exd5 exd5 18.
Bd4 Nd3 19. Rxc8 Qxc8 20. Re3 Bxa3 21. Bf1 Bb4 22. Bxd3 Bxd3 23. Rxd3 b5 24. Be3 Qf5 25. Rxd5 Rc8 26. Qf3 Qh3 27. Qg2 Qf5 28. Nf1 h6 29. Rxb5 Qd3 30. Qd5 Qe2 31. Rb7 Rf8 32. e6 fxe6 33.
Qxe6+ Kh8 34. Qg6 Bc3 35. Rd7 Qb2 36. Qd3 Bf6 37. Rd5 Ra8 38. h4 Qa2 39. h5 Re8 40. Rd7 a4 41. bxa4 Qxa4 42. Bd4 Qxd7 43. Qg6 Qxd4 44.
Qxe8+ Kh7 45. Qg6+ Kg8 46. Qe8+ Kh7 47. Qe2 Kh8 48. Kg2 Qd5+ 49. f3 Qf7 50. g4 g6 51.
hxg6 Qxg6 52. Ng3 Kh7 53. Nh5 Bh8 54. Qe7+ Kg8 55. Qd8+ Kh7 56. Qd7+ Kg8 57. Qd2 Be5 58. Qe2 Qd6 59. Kh3 Kf7 60. Qe4 Kg8 61. Qf5 Qd4 62. Qe6+ Kf8 63. Qxh6+ Ke7 64. Qh7+ Ke6 65. Qf5+ Kd6 66.
Qg6+ Kc7 67. Qf7+ Kd6 68. g5 Qg1 69. Qg6+ Kd5 70. Qe4+ Kd6 71. Qg6+ Kc7 72. Qf7+ Kc6 73. Qe6+ Bd6 74. Nf6 Qg3# 0-1

[Event "Late-Titled-Tuesday-Blitz-September-05-2023"]
[Site "Chess.com"]
[Date "2023.09.05"]
[Round "4"]
[White "ErikRonka"]
[Black "egnfanclub"]
[Result "1-0"]
[WhiteElo "2493"]
[BlackElo "2317"]
[TimeControl "180+1"]
[EndTime "14:41:34 PDT"]
[Termination "ErikRonka won on time"]

1. e4 e5 2. Nf3 Nc6 3. Nc3 Nf6 4.
d4 exd4 5. Nxd4 Bb4 6. Nxc6 bxc6 7. Bd3 d5 8. exd5 cxd5 9. O-O O-O 10. h3 Bxc3 11. bxc3 Re8 12. Qf3 h6 13. Bf4 c6 14.
Rab1 Ne4 15. c4 Qf6 16. cxd5 cxd5 17. Rfe1 Bf5 18. Be3 Bg6 19. Bb5 Rec8 20. Qxf6 Nxf6 21. Bd3 Bxd3 22. cxd3 Rc3 23. Red1 Ra3 24. Rb2 Rc8 25.
Bd4 Nd7 26. Kf1 f6 27. Ke2 Kf7 28. Kd2 Ke6 29. f4 Kd6 30. g4 Nc5 31. Bxc5+ Rxc5 32. Re1 Rca5 33. Ra1 R5a4 34. Ke3 Rc3 35. Rab1 Raa3 36. Rd2 g5 37. fxg5 hxg5 38. Rb8 Ra4 39. Rf8 Rf4 40. Ra8 Ra3 41. Rd8+ Ke6 42. Re8+ Kd7 43. Ra8 f5 44. gxf5 Rxf5 45. Rb2 a5 46. Rg8 Ra4 47. Rg6 Raf4 48. Rb7+ Kc8 49. Rbg7 Rf3+ 50. Kd4 Rxh3 51. Rxg5 Rf4+ 52. Kc5 Rxd3 53. Rh5 Rf8 54. Rxd5 Rxd5+ 55. Kxd5 Rf2 56. a4 Rf4 57. Kc6 Kd8 58. Kb5 Rf5+ 59. Kb6 Rf4 60. Kxa5 Rf5+ 61. Kb6 Kc8 62. Rg8+ Kd7 63.
a5 Rf6+ 64. Kb7 Rf1 65. Rg3 Rb1+ 66. Ka7 Kc7 67. Rc3+ Kd8 68. a6 Rb2 69. Ka8 Kd7 70.
a7 Kd8 71. Rc6 Kd7 72. Rh6 Kc7 73. Rh7+ Kc6 74. Rh8 Rg2 75. Rc8+ Kb6 76. Kb8 1-0

[Event "Late-Titled-Tuesday-Blitz-September-05-2023"]
[Site "Chess.com"]
[Date "2023.09.05"]
[Round "4"]
[White "jup1978"]
[Black "traack"]
[Result "1-0"]
[WhiteElo "2540"]
[BlackElo "2370"]
[TimeControl "180+1"]
[EndTime "14:41:36 PDT"]
[Termination "jup1978 won by resignation"]

1. d4 Nf6 2. Nf3 e6 3. c4 d5 4. g3 Bb4+ 5. Bd2 Be7 6. Bg2 O-O 7. O-O c6 8. b3 b6 9. Nc3 Bb7 10. cxd5 cxd5 11. Rc1 Nbd7 12. Bf4 Nh5 13. Qd2 Nxf4 14. Qxf4 a6 15. Na4 b5 16. Nb2 Ba3 17. Rc2 Nf6 18. Nd3 Bd6 19. Nde5 Ne4 20. Qe3 Rc8 21. Rfc1 Qe7 22.
Nc6 Bxc6 23. Rxc6 Rxc6 24. Rxc6 Qb7 25. Qc1 b4 26. Nd2 Nc3 27. Rxc3 bxc3 28. Qxc3 Rc8 29. Qb2 Qc7 30. Nf1 Qc1 31. Qxc1 Rxc1 32. e4 dxe4 33.
Bxe4 Ra1 34. a4 Rd1 35. Bb7 a5 36. Kg2 Rxd4 37. Ne3 Bc5 38. Nc4 Bb4 39. Ne5 Rd2 40.
Nc6 Bc3 41. Ba6 Rd6 42. Bb5 Kf8 43. f4 Rd2+ 44. Kh3 Rb2 45. Bc4 Ke8 46. Na7 Kd7 47.
Nb5 Bb4 48. Nd4 Bc5 49. Nf3 Kc6 50. Ne5+ Kb6 51. Nxf7 Bg1 52. Ng5 Rxh2+ 53. Kg4 h5+ 54. Kf3 Rf2+ 55. Ke4 Rg2 56. Kf3 Rf2+ 57. Ke4 h4 58. gxh4 Bh2 59. Nxe6 Bg3 60. h5 Kc6 61. f5 Kd6 62. Nxg7 Ke7 63. h6 Rh2 64. Ne6 Rxh6 65. Nd4 Rh4+ 66. Kd3 Bf2 67. Nc6+ Kd6 68. Nxa5 Rh5 69.
Nb7+ Ke5 70. Nd8 Kxf5 71. Nf7 Rh3+ 72. Ke2 Kf6 73. Kxf2 Rh2+ 74. Ke3 Rh4 75. Kd3 Rh3+ 76. Kd4 Rh4+ 77. Kc5 Rh5+ 78. Kb6 Ke7 79. a5 Rh6+ 80. Kb7 Rh4 81. a6 1-0